 Dungeon Crawl Stone Soup version 0.27.1-2-g3b301248ec (webtiles) character file.

Game seed: 10129749086983944928

14153 Urokeeper the Basher (level 12, -2/120 HPs)
             Began as a Gargoyle Gladiator on Sept 29, 2021.
             Was an Elder of Trog.
             Slain by an orc knight (19 damage)
             ... on level 1 of the Orcish Mines.
             The game lasted 01:25:14 (13153 turns).

Urokeeper the Basher (Gargoyle Gladiator)          Turns: 13153, Time: 01:25:15

Health: -2/120     AC: 28    Str: 22    XL:     12   Next: 13%
Magic:  0/12       EV:  8    Int: 10    God:    Trog [****..]
Gold:   908        SH:  0    Dex: 11    Spells: 11/11 levels left

rFire    . . .     SeeInvis .   F - +0 dire flail
rCold    . . .     Faith    .   (shield currently unavailable)
rNeg     + . .     Spirit   +   Q - +0 plate armour
rPois    ∞         Reflect  .   n - +0 helmet
rElec    +         Harm     .   (no cloak)
rCorr    .         Rampage  .   t - +0 pair of gloves
Will     .....                  l - +1 pair of boots
Stlth    ..........             p - amulet of guardian spirit
HPRegen  0.30/turn              G - +4 ring of slaying
MPRegen  0.13/turn              (no ring)

@: berserking, studying Unarmed Combat, very quick
A: sickness immunity, AC +8, negative energy resistance 1, electricity
resistance, torment resistance 1, petrification resistance
a: Renounce Religion, Berserk, Trog's Hand, Brothers in Arms


You were on level 1 of the Orcish Mines.
You worshipped Trog.
Trog was greatly pleased with you.
You visited 3 branches of the dungeon, and saw 14 of its levels.

You collected 1292 gold pieces.
You spent 384 gold pieces at shops.

Inventory:

Hand Weapons
 a - a +0 flail
 C - a +4 mace of freezing
 F - a +0 dire flail (weapon)
 R - a +1 whip of flaming
Missiles
 d - 32 boomerangs
 h - 90 poisoned darts (quivered)
 r - 3 datura-tipped darts
Armour
 b - a +0 leather armour
 c - a +0 helmet
 i - a scarf of harm
 l - a +1 pair of boots (worn)
 n - a +0 helmet (worn)
 s - a +0 troll leather armour
 t - a +0 pair of gloves (worn)
 Q - a +0 plate armour (worn)
Jewellery
 e - an amulet of magic regeneration
 p - an amulet of guardian spirit (around neck)
 G - a +4 ring of slaying (left hand)
Wands
 u - a wand of mindburst (10)
 A - a wand of acid (4)
 E - a wand of iceblast (17)
 O - a wand of digging (6)
 P - a wand of flame (22)
Scrolls
 k - 2 scrolls of fog
 m - a scroll of enchant weapon
 q - 3 scrolls of teleportation
 v - a scroll of fear {unknown}
 x - a scroll of immolation {unknown}
 y - 2 scrolls of magic mapping {unknown}
 z - a scroll of noise {unknown}
 B - a scroll of enchant armour {unknown}
 H - 2 scrolls of vulnerability {unknown}
Potions
 f - 2 potions of lignification
 g - a potion of resistance
 j - a potion of flight
 w - 2 potions of berserk rage
 D - a potion of attraction
 I - a potion of cancellation {unknown}
 J - 2 potions of haste
 K - 2 potions of curing
 L - 2 potions of might
 M - a potion of invisibility
Miscellaneous
 o - a tin of tremorstones (2/2)
 N - a phantom mirror (inert)


   Skills:
 * Level 11.6 Fighting
 + Level 12.1 Maces & Flails
 + Level 3.5 Throwing
 + Level 9.5 Armour
 + Level 5.0 Dodging
 + Level 1.8 Stealth
 + Level 0.8 Evocations


You had 11 spell levels left.
You didn't know any spells.
Your spell library contained the following spells:

 Spells                   Type           Power      Damage    Failure   Level
 Corpse Rot               Necr/Air       N/A        N/A       100%        2
 Call Canine Familiar     Summ           0%         N/A       100%        3
 Portal Projectile        Hex/Tloc       0%         N/A       100%        3
 Dispel Undead            Necr           0%         3d6       100%        4
 Leda's Liquefaction      Hex/Erth       0%         N/A       100%        4
 Death Channel            Necr           0%         N/A       100%        6


Dungeon Overview and Level Annotations

Branches:
Dungeon (11/15)            Temple (1/1) D:5            Lair (0/6) D:10
    Orc (2/2) D:11            Elf (0/3) Orc:2

Altars:
Ashenzari
Cheibriados
Dithmenos
Elyvilon
Fedhas
Hepliaklqana
Kikubaaqudgha
Makhleb
Okawaru
Qazlal
Ru
Sif Muna
Trog
Vehumet
Wu Jian
Xom
Yredelemnul
Zin
Beogh

Shops:
D:1 =   D:6 ?   D:9 !   Orc:2 =

Annotations:
D:6 1 runed translucent door, MechaKamiliLaw's ghost, novice HOMo


Innate Abilities, Weirdness & Mutations

You are immune to sickness and miasma.
Your stone body is resilient. (AC +8)
You are immune to poison.
You resist negative energy. (rN+)
You are resistant to electric shocks. (rElec)
You are resistant to unholy torment.
You are immune to petrification.


Message History

There is a stone staircase leading up here.
The orc knight hits you with a +0 war axe.
The orc warlord roars a battlecry!
The orcs go into a battle-frenzy!
You climb upwards.
There is a stone staircase leading down here.
Your ogre goes berserk!
The orc warlord hits you but does no damage.
A red film seems to cover your vision as you go berserk!
You feel yourself moving faster!
You feel mighty!
The orc knight hits you with a +0 war axe!!
The orc knight hits your ogre with a +0 war axe!!
The orc warlord hits you with a +3 vorpal long sword!!
Your ogre hits the orc warlord with a +0 giant club!!
You impale the orc warlord!!
The orc warlord is moderately wounded.
The orc knight hits you but does no damage.
The orc knight completely misses your ogre.
The orc warlord hits you but does no damage.
You barely miss the orc warlord.
The orc warlord is moderately wounded.
Your ogre hits the orc warlord with a +0 giant club!
You thump the orc warlord!
The orc warlord is heavily wounded.
The orc knight hits you with a +0 war axe!
The orc knight hits your ogre with a +0 war axe.
The orc warlord hits you with a +3 vorpal long sword.
Your ogre barely misses the orc warlord.
You barely miss the orc warlord.
The orc warlord is heavily wounded.
You sock the orc warlord!
The orc warlord is severely wounded.
The orc knight hits you with a +0 war axe!!
* * * LOW HITPOINT WARNING * * *
The orc knight hits your ogre with a +0 war axe.
Your ogre hits the orc knight with a +0 giant club!!!
The orc warlord hits you with a +3 vorpal long sword!
* * * LOW HITPOINT WARNING * * *
x2 The orc knight hits you with a +0 war axe!!
You die...

###..........._..#
#.#.......[[.....#
####....##...)......#
#..#.....###......###
##
##....######.....##
#. ###...###.#[..###
## #.....O.....#
##....oo....#
#...@>[...##
###..[...## #......##
###...## ##..# #.##
### ## #.


You could see an orc warlord (strong), an orc knight (strong, ally target) and a
friendly ogre (summoned, berserk).

Vanquished Creatures
  Snorg (Orc:2)
  An ettin (Orc:1)
  A hydra (D:6)
  A two-headed ogre (Orc:2)
  An orc knight (D:11)
  An orc sorcerer (Orc:1)
  A cyclops (Orc:1)
  A gargoyle (D:11)
  3 trolls
  Grinder (D:6)
  3 shadows
  Sigmund (D:2)
  Grum (D:8)
  11 yaks
  2 wraiths
  A wyvern (D:8)
  A steam dragon (D:8)
  3 wargs
  A two-headed ogre zombie (D:11)
  2 water moccasins (D:6)
  A sky beast (D:6)
  An ice beast (D:6)
  8 orc warriors
  A necrophage (D:5)
  7 ogres
  A black bear (D:5)
  4 wolves (D:8)
  3 phantoms
  A centaur (D:6)
  Blork the orc (D:6)
  4 bullfrogs
  A kobold brigand (D:7)
  3 scorpions
  A water moccasin zombie (D:6)
  A gnoll sergeant (D:11)
  5 troll zombies (D:11)
  7 killer bees (D:9)
  10 wights
  2 howler monkeys
  2 centaur zombies
  A bullfrog skeleton (D:4)
  2 jellies
  2 gnoll shamans
  8 orc priests
  A hound (D:4)
  3 iguanas
  16 orc wizards
  A killer bee zombie (D:6)
  2 ogre zombies (D:11)
  A hound zombie (D:5)
  2 hound skeletons
  Robin (D:3)
  2 howler monkey zombies
  13 gnolls
  3 adders (D:5)
  2 white imps (D:6)
  3 ufetubi
  A worm (D:3)
  3 dart slugs
  40 orcs
  3 ball pythons
  5 endoplasms
  5 giant cockroaches
  8 goblins
  7 hobgoblins
  4 jackals (D:1)
  2 quokkas
  2 frilled lizards
  4 goblin skeletons (D:11)
  A goblin zombie (D:11)
  A hobgoblin skeleton (D:11)
  3 hobgoblin zombies (D:11)
  10 kobolds
  2 orc skeletons (D:11)
  14 orc zombies (D:11)
  3 rats
283 creatures vanquished.

Notes
Turn   | Place    | Note
-------+----------+-------------------------------------------
     0 | D:1      | Urokeeper the Gargoyle Gladiator began the quest for the
                  | Orb.
     0 | D:1      | Reached XP level 1. HP: 12/12 MP: 1/1
   115 | D:1      | Reached XP level 2. HP: 9/17 MP: 2/2
   457 | D:1      | Found a faded altar of an unknown god.
   678 | D:1      | Found Uffuf's Jewellery Emporium.
   948 | D:2      | Noticed Sigmund
   973 | D:2      | Killed Sigmund
   974 | D:2      | Reached skill level 4 in Maces & Flails
   974 | D:2      | Reached skill level 1 in Armour
   974 | D:2      | Reached XP level 3. HP: 15/22 MP: 3/3
   974 | D:2      | Reached XP level 4. HP: 19/27 MP: 4/4
   974 | D:2      | Reached XP level 5. HP: 23/32 MP: 5/5
  1298 | D:2      | Noticed an ogre
  2221 | D:4      | Reached XP level 6. HP: 30/37 MP: 6/6
  2425 | D:4      | Noticed Robin
  2696 | D:3      | Killed Robin
  3289 | D:4      | Reached skill level 5 in Maces & Flails
  3483 | D:5      | Entered Level 5 of the Dungeon
  3483 | D:5      | Noticed a necrophage
  3495 | D:4      | Reached XP level 7. HP: 33/41 MP: 7/7
  3568 | D:5      | Found a staircase to the Ecumenical Temple.
  3577 | Temple   | Entered the Ecumenical Temple
  3687 | D:5      | Reached skill level 1 in Stealth
  3956 | D:5      | Found a radiant altar of Vehumet.
  3993 | D:5      | Reached skill level 6 in Maces & Flails
  4219 | D:5      | Noticed a troll
  4246 | D:6      | Reached XP level 8. HP: 48/48 MP: 8/8
  4267 | D:6      | Noticed Grinder
  4267 | D:6      | Paralysed by Grinder for 6 turns
  4315 | D:6      | Killed Grinder
  4316 | D:6      | Reached skill level 7 in Maces & Flails
  4418 | D:6      | Noticed Blork the orc
  4428 | D:6      | Killed Blork the orc
  4429 | D:6      | Reached skill level 5 in Fighting
  4789 | D:5      | Killed a troll
  5087 | Temple   | Became a worshipper of Trog the Wrathful
  5146 | D:6      | Reached skill level 8 in Maces & Flails
  5219 | D:6      | Reached XP level 9. HP: 53/55 MP: 9/9
  5459 | D:6      | Found a runed translucent door.
  5459 | D:6      | Found a shimmering altar of Xom.
  5459 | D:6      | Noticed MechaKamiliLaw's ghost (novice HOMo)
  5459 | D:6      | Noticed a +2 rapier of chaos
  5615 | D:6      | Found Zarhece's Magic Scroll Emporium.
  6098 | D:6      | Noticed a four-headed hydra
  6421 | D:7      | Reached skill level 9 in Maces & Flails
  6692 | D:7      | Reached * piety under Trog
  7202 | D:6      | Killed a four-headed hydra
  7203 | D:6      | Reached skill level 5 in Armour
  7203 | D:6      | Reached XP level 10. HP: 64/64 MP: 8/10
  7670 | D:8      | Noticed Grum
  7687 | D:8      | Killed Grum
  7688 | D:8      | Reached skill level 10 in Maces & Flails
  8077 | D:8      | Reached ** piety under Trog
  8831 | D:9      | Found an iron altar of Okawaru.
  8969 | D:9      | Found Oduejogi's Distillery.
  8977 | D:9      | Bought a potion of haste for 120 gold pieces
  8977 | D:9      | Bought a potion of curing for 36 gold pieces
  8977 | D:9      | Bought a potion of might for 48 gold pieces
  8977 | D:9      | Bought a potion of curing for 36 gold pieces
  8977 | D:9      | Bought a potion of invisibility for 96 gold pieces
  8977 | D:9      | Bought a potion of might for 48 gold pieces
  9391 | D:9      | Found a burning altar of Makhleb.
  9510 | D:9      | Reached XP level 11. HP: 72/72 MP: 11/11
  9633 | D:10     | Entered Level 10 of the Dungeon
  9669 | D:10     | Reached skill level 10 in Fighting
  9839 | D:10     | Found a staircase to the Lair.
  9967 | D:10     | Reached skill level 11 in Maces & Flails
 10486 | D:11     | Reached skill level 5 in Dodging
 10834 | D:11     | Found a staircase to the Orcish Mines.
 10889 | D:11     | Reached *** piety under Trog
 11166 | Orc:1    | Entered Level 1 of the Orcish Mines
 11352 | Orc:1    | Noticed a cyclops
 11696 | Orc:1    | Killed a cyclops
 11697 | Orc:1    | Noticed an orc knight
 11844 | D:11     | Killed an orc knight
 12100 | Orc:1    | Noticed an orc sorcerer
 12100 | Orc:1    | Paralysed by an orc sorcerer for 4 turns
 12105 | Orc:1    | Paralysed by an orc sorcerer for 4 turns
 12111 | Orc:1    | Killed an orc sorcerer
 12190 | Orc:1    | Reached **** piety under Trog
 12192 | Orc:1    | Found a burning altar of Makhleb.
 12265 | Orc:1    | Identified the +0 robe of the Watchman {Rampage SInv}
 12337 | Orc:2    | Entered Level 2 of the Orcish Mines
 12394 | Orc:2    | Noticed a two-headed ogre
 12414 | Orc:2    | Killed a two-headed ogre
 12495 | Orc:2    | Noticed Snorg
 12504 | Orc:2    | Killed Snorg
 12505 | Orc:2    | Reached skill level 12 in Maces & Flails
 12576 | Orc:2    | Found Joedint's Jewellery Boutique.
 12601 | Orc:2    | Found a staircase to the Elven Halls.
 12643 | Orc:1    | Reached XP level 12. HP: 80/80 MP: 10/12
 12834 | Orc:2    | Noticed an orc warlord
 12899 | Orc:1    | Noticed an ettin
 12907 | Orc:1    | Killed an ettin
 13153 | Orc:1    | Slain by an orc knight

Illustrated notes

Levels and vault maps discovered:
D:1:      minmay_arrival_plants_in_alcoves, layout_rooms, serial_shops,
          shop_fountains, chequers_ecumenical_altar_simple
D:2:      layout_basic, uniq_sigmund, uniq_jessica
D:3:      layout_basic, ebering_ghost_reflecting_pool, kennysheep_generic_room_4
D:4:      layout_loops_corners, uniq_robin
D:5:      cheibrodos_helix_gallery, layout_loops_ring, amcnicky_altar_gilded,
          minmay_temple_entry_antechambers
D:6:      minmay_bubble_buster, layout_rooms, serial_shops, shop,
          ebering_ghost_xom, uniq_grinder, uniq_blork_the_orc
D:7:      layout_basic
D:8:      layout_loops_ring, grunt_temple_overflow_open, uniq_grum
D:9:      layout_stronghold, okawaru_trees_2, mainiacjoe_overflow_paths,
          serial_shops, shop_fountains
D:10:     layout_basic, lair_entry_dummy
D:11:     layout_long_grid, zombieorc2_lemuel
Temple:   eino_wide_crystal_templ
Orc:1:    layout_diamond_mine, basic_altar, bloody_makhleb
Orc:2:    st_orc_elflike, layout_diamond_mine, minmay_shop_enchanted_jewellery,
          uniq_snorg

Skill      XL: |  1  2  3  4  5  6  7  8  9 10 11 |
---------------+----------------------------------+-----
Maces & Flails | 4 5 6 8 9 10 12 | 12.1
Throwing       | 2 3 |  3.5
Armour         | 1 2 3 4 5 6 9 |  9.5
Dodging        | 3 4 5 |  5.0
Fighting       | 3 4 5 8 9 11 | 11.6
Stealth        | 1 |  1.8
Evocations     | |  0.8

Action                   |  1- 3 |  4- 6 |  7- 9 | 10-12 || total
-------------------------+-------+-------+-------+-------++-------
Melee: Flail             |    55 |   171 |   376 |   173 ||   775
       Mace              |       |       |       |   376 ||   376
       Dire flail        |       |       |       |     5 ||     5
Throw: Throwing net      |     3 |       |       |       ||     3
       Dart              |     4 |     8 |    14 |     5 ||    31
Invok: Berserk           |       |       |     1 |    17 ||    18
       Trog's Hand       |       |       |       |     3 ||     3
       Brothers in Arms  |       |       |       |     1 ||     1
Evoke: Wand              |       |       |     5 |       ||     5
       Phantom mirror    |       |       |       |     1 ||     1
  Use: Scroll            |       |     4 |     3 |     4 ||    11
       Potion            |       |     2 |     4 |     4 ||    10
 Stab: Sleeping          |       |     1 |       |       ||     1
Armor: Leather armour    |    22 |    74 |       |       ||    96
       Skin              |       |     7 |    37 |       ||    44
       Ring mail         |       |     6 |    42 |       ||    48
       Chain mail        |       |       |   137 |   205 ||   342
       Plate armour      |       |       |       |   214 ||   214
Dodge: Dodged            |    40 |   142 |   182 |   258 ||   622
